 Dungeon Crawl Stone Soup version 0.22.1-1-ga44c0e5 (webtiles) character file.

266 topirishpotato the Cudgeler (level 6, -3/38 HPs)
             Began as a Gargoyle Fighter on Sept 23, 2018.
             Killed by divine providence
             ... invoked by an orc priest
              (15 damage)
             ... on level 3 of the Dungeon.
             The game lasted 00:04:10 (2501 turns).

topirishpotato the Cudgeler (Gargoyle Fighter)      Turns: 2501, Time: 00:04:11

Health: -3/38      AC: 11    Str: 20    XL:     6   Next: 20%
Magic:  6/6        EV:  8    Int:  8    God:
Gold:   191        SH:  9    Dex: 11    Spells: 5/5 levels left

rFire    . . .     SeeInvis .   a - +0 flail
rCold    . . .     Gourm    .   c - +0 shield
rNeg     + . .     Faith    .   b - +0 scale mail
rPois    ∞         Spirit   .   (no helmet)
rElec    +         Reflect  .   (no cloak)
rCorr    .         Harm     .   (no gloves)
MR       .....                  (no boots)
Stlth    ..........             (no amulet)
HPRegen  0.12/turn              (no ring)
MPRegen  0.10/turn              (no ring)

@: hasted, very quick
A: negative energy resistance 1, electricity resistance, unbreathing,
petrification resistance, rot immunity, AC +4
a: no special abilities


You were on level 3 of the Dungeon.
You were not hungry.

You visited 1 branch of the dungeon, and saw 3 of its levels.

You collected 191 gold pieces.

Inventory:

Hand Weapons
 a - a +0 flail (weapon)
Armour
 b - a +0 scale mail (worn)
 c - a +0 shield (worn)
Jewellery
 p - an uncursed ring of ice {unknown}
Scrolls
 g - a scroll of remove curse {unknown}
 h - 3 scrolls of identify {unknown}
 i - 2 scrolls of teleportation {unknown}
 o - a scroll of amnesia {unknown}
Potions
 d - 2 potions of might
 j - a potion of curing
 k - a potion of cancellation {unknown}
 l - a potion of invisibility {unknown}
 m - a potion of magic {unknown}
 n - 2 potions of lignification {unknown}
Comestibles
 f - 2 rations


   Skills:
 + Level 4.1 Fighting
 * Level 4.9 Maces & Flails
 + Level 4.2 Armour
 + Level 1.3 Dodging
 - Level 3.2 Shields


You had 5 spell levels left.
You didn't know any spells.
Your spell library was empty.

Dungeon Overview and Level Annotations

Branches:
Dungeon (3/15)

Altars:
Ashenzari
The Shining One


Innate Abilities, Weirdness & Mutations

You are resistant to torment.
Your stone body is resilient. (AC +4)
You are immune to poison.
You resist negative energy. (rN+)
You are resistant to electric shocks. (rElec)
You can survive without breathing.
You are immune to petrification.
You are immune to rotting.


Message History

You feel yourself speed up.
The kobold throws a stone.
You block the stone.
Items here: = ? [ † a leather armour; a wooden ring; a scroll labeled AMPUWAUKURR; an orc corpse The orc priest shouts!
You hit the orc but do no damage. You block the orc's attack.
You sock the orc!
You kill the orc!
You hit the orc.
The orc is moderately wounded.
You hit the orc.
The orc is almost dead.
The orc barely misses you.
You hit the orc.
You kill the orc!
You hit the orc priest but do no damage.
You block the orc priest's attack.
You barely miss the orc priest.
The orc priest invokes the aid of Beogh against you.
Beogh smites you!
You die...

...### #......†....†....####
......####....................
..............................
..............#####.............
..............# #.............
..............#####....(.#......
..............+.......>..+......
..............######.....#......
.............Ko@(.##.....#......
...............###.##............
...######.......##.##......######
... #...#.#.#)#'##'####..........
...##...#.............#..#.....##
........##............#..#.....#.
........†'............#........#.
........##............#........#.
.....†..##...#.............###.#.


You could see an orc priest and a kobold.

Vanquished Creatures
  Natasha (thrice) (D:3)
  A worker ant (D:3)
  4 gnolls
  6 adders
  2 worms (D:2)
  3 dart slugs
  A leopard gecko (D:3)
  3 orcs (D:3)
  4 giant cockroaches
  4 goblins
  5 hobgoblins
  2 jackals (D:2)
  6 kobolds
  5 quokkas
  7 bats
  4 frilled lizards
  8 rats
  A plant (D:2)
69 creatures vanquished.

Vanquished Creatures (others)
  2 plants (D:2)
2 creatures vanquished.

Grand Total: 71 creatures vanquished

Notes
Turn   | Place    | Note
-------+----------+-------------------------------------------
     0 | D:1      | topirishpotato the Gargoyle Fighter began the quest for the
                  | Orb.
     0 | D:1      | Reached XP level 1. HP: 14/14 MP: 1/1
   243 | D:1      | Reached XP level 2. HP: 17/19 MP: 2/2
   413 | D:1      | Reached XP level 3. HP: 23/23 MP: 3/3
   863 | D:2      | Found a shattered altar of Ashenzari.
   939 | D:2      | Found a glowing golden altar of the Shining One.
  1053 | D:2      | Reached XP level 4. HP: 29/29 MP: 4/4
  1855 | D:3      | Reached XP level 5. HP: 25/33 MP: 5/5
  1865 | D:3      | Reached skill level 1 in Dodging
  1896 | D:3      | Noticed Natasha
  2176 | D:3      | Killed Natasha
  2316 | D:3      | Noticed Natasha
  2323 | D:3      | Killed Natasha
  2327 | D:3      | Noticed Natasha
  2339 | D:3      | Killed Natasha
  2395 | D:3      | Reached XP level 6. HP: 15/38 MP: 6/6
  2501 | D:3      | Killed from afar by an orc priest

Skill      XL: |  1  2  3  4  5 |
---------------+----------------+-----
Maces & Flails | 3 4 |  4.9
Dodging        | 1 |  1.3
Fighting       | 4 |  4.1
Armour         | 4 |  4.2
Shields        | |  3.2

Action                   |  1- 3 |  4- 6 || total
-------------------------+-------+-------++-------
Melee: Flail             |   145 |   207 ||   352
  Use: Potion            |       |     3 ||     3
  Eat: Chunk             |       |     3 ||     3
       Ration            |       |     1 ||     1
Armor: Scale mail        |    75 |   136 ||   211
Dodge: Dodged            |    45 |    85 ||   130
Block: Shield            |    78 |   159 ||   237
